 Dungeon Crawl Stone Soup version 0.30.1-9-gdf580d7c3d (webtiles) character file.

Game seed: 18392970044449560457

123 ringo67 the Gusty (level 5, 0/38 HPs)
             Began as a Human Air Elementalist on Oct 1, 2023.
             Was an Initiate of Sif Muna.
             Slain by an iguana (6 damage)
             ... on level 3 of the Dungeon.
             The game lasted 00:14:52 (3266 turns).

ringo67 the Gusty (Human Air Elementalist)          Turns: 3266, Time: 00:14:53

Health: 0/38       AC:  4    Str: 11    XL:     5   Next: 29%
Magic:  0/9        EV: 12    Int: 15    God:    Sif Muna [......]
Gold:   119        SH:  0    Dex: 13    Spells: 5/9 levels left

rFire   . . .        q - +0 short sword
rCold   . . .        (no shield)
rNeg    . . .        a - +0 robe
rPois   .            (no helmet)
rElec   .            n - +0 cloak
rCorr   .            (no gloves)
SInv    .            c - +0 pair of boots
Will    .....        (no amulet)
Stlth   ++           (no ring)
HPRegen 0.26/turn    (no ring)
MPRegen 0.11/turn

%: no passive effects
@: no status effects
A: no striking features
a: Renounce Religion


You were on level 3 of the Dungeon.
You worshipped Sif Muna.
Sif Muna was noncommittal.
You visited 2 branches of the dungeon, and saw 5 of its levels.

You collected 119 gold pieces.

Inventory:

Hand Weapons
 q - a +0 short sword (weapon)
Armour
 a - a +0 robe (worn)
 c - a +0 pair of boots (worn)
 n - a +0 cloak (worn)
Scrolls
 d - 2 scrolls of enchant weapon {unknown}
 f - 2 scrolls of blinking {unknown}
 g - a scroll of enchant armour {unknown}
 j - a scroll of noise {unknown}
 k - 3 scrolls of identify {unknown}
 r - a scroll of immolation {unknown}
Potions
 b - 2 potions of magic
 e - 2 potions of resistance {unknown}
 h - 2 potions of might {unknown}
 i - 2 potions of lignification {unknown}
 l - 2 potions of invisibility {unknown}
 m - 3 potions of curing
 o - a potion of attraction {unknown}
 p - a potion of berserk rage {unknown}


   Skills:
 + Level 2.0 Fighting
 - Level 2.0 Dodging
 - Level 2.0 Stealth
 + Level 2.8 Spellcasting
 + Level 2.3 Conjurations
 + Level 3.8 Air Magic


You had 5 spell levels left.
You knew the following spells:

 Your Spells              Type           Power      Damage    Failure   Level
a - Shock                 Conj/Air       44%        1d5       6%          1
b - Swiftness             Air            13%        N/A       13%         3

Your spell library contained the following spells:

 Spells                   Type           Power      Damage    Failure   Level
 Static Discharge         Conj/Air       22%        2-3/arc   9%          2
 Kiss of Death            Conj/Necr      20%        2d7       13%         1
 Airstrike                Air            6%         2d(1-17)  38%         4
 Confusing Touch          Hex            2%         N/A       52%         3
 Ozocubu's Armour         Ice            2%         N/A       52%         3
 Animate Dead             Necr           2%         N/A       90%         4
 Dispel Undead            Necr           2%         3d7       90%         4
 Haunt                    Necr/Summ      1%         N/A       100%        7
 Ozocubu's Refrigeration  Ice            1%         4d7       100%        7
 Infestation              Necr           1%         N/A       100%        8


Dungeon Overview and Level Annotations

Branches:
Dungeon (4/15)             Temple (1/1) D:4

Altars:
Ashenzari
Cheibriados
Dithmenos
Fedhas
Gozag
Hepliaklqana
Makhleb
Nemelex Xobeh
Okawaru
Qazlal
Sif Muna
Trog
Xom
Yredelemnul
Zin

Annotations:
D:3 Sigmund


Message History

Confirm with . or Enter, or press ? or * to list all spells.
Aiming: Shock (safe; 6% risk of failure)
Press: ? - help, Shift-Dir - straight line, f/p - iguana
Aim: an iguana (heavily wounded, 72% to hit)
The zap hits the iguana.
The iguana is severely wounded.
The iguana closely misses you.
Unknown command.
Casting: Shock (safe; 6% risk of failure)
Confirm with . or Enter, or press ? or * to list all spells.
Aiming: Shock (safe; 6% risk of failure)
Press: ? - help, Shift-Dir - straight line, f/p - iguana
Aim: an iguana (severely wounded, 72% to hit)
The zap hits the iguana but does no damage.
The iguana is severely wounded.
The iguana bites you!
* * * LOW HITPOINT WARNING * * *
Casting: Shock (safe; 6% risk of failure)
Confirm with . or Enter, or press ? or * to list all spells.
Aiming: Shock (safe; 6% risk of failure)
Press: ? - help, Shift-Dir - straight line, f/p - iguana
Aim: an iguana (severely wounded, 72% to hit)
The zap hits the iguana.
The iguana is severely wounded.
The iguana bites you.
* * * LOW HITPOINT WARNING * * *
It was a potion of curing.
You feel better.
The iguana hisses menacingly.
The iguana bites you!
* * * LOW HITPOINT WARNING * * *
You barely miss the iguana.
The iguana is severely wounded.
The iguana barely misses you.
You hit the iguana.
The iguana is almost dead.
The iguana barely misses you.
You hit the iguana but do no damage.
The iguana is almost dead.
The iguana bites you.
You die...

#.).......# #.....
#.........# #.....
##.........# #..)..
#.<........###.....
#........(......###
#...............###
#..........##......
#.>........##..##..
#.@l.......##.)####
#..................
######.#...........
#....##........
#######
#..####........
#.....# #..#
#........ #.....#
#..# #........
#.....# #..#
#........
#.....####..##
#........


You could see an iguana.

Vanquished Creatures
  A sleepcap (D:3)
  An orc wizard (D:4)
  2 adders
  A dart slug (D:1)
  4 orcs
  A ball python (D:2)
  4 bats
  3 endoplasms (D:2)
  2 giant cockroaches
  5 goblins
  4 hobgoblins
  4 jackals (D:2)
  4 quokkas
  A frilled lizard (D:2)
  2 kobolds (D:3)
  4 rats
43 creatures vanquished.

Notes
Turn   | Place    | Note
-------+----------+-------------------------------------------
     0 | D:1      | ringo67 the Human Air Elementalist began the quest for the
                  | Orb.
     0 | D:1      | Reached XP level 1. HP: 13/13 MP: 3/3
   417 | D:1      | Reached XP level 2. HP: 20/20 MP: 1/5
   587 | D:1      | Found a faded altar of an unknown god.
   588 | D:1      | Noticed a floating eye
   590 | D:1      | Noticed a golden eye
   596 | D:1      | Noticed a golden eye
   599 | D:1      | Noticed a floating eye
   955 | D:2      | Reached skill level 1 in Fighting
   955 | D:2      | Reached XP level 3. HP: 26/26 MP: 1/6
  2431 | D:2      | Learned a level 3 spell: Swiftness
  2557 | D:3      | Reached XP level 4. HP: 32/32 MP: 2/7
  2704 | D:3      | Noticed Sigmund
  3087 | D:4      | Reached XP level 5. HP: 37/38 MP: 2/9
  3164 | D:4      | Found a staircase to the Ecumenical Temple.
  3170 | Temple   | Entered the Ecumenical Temple
  3223 | Temple   | Became a worshipper of Sif Muna the Loreminder
  3266 | D:3      | Slain by an iguana

Illustrated notes

Levels and vault maps discovered:
D:1:      grunt_arrival_lava_bath, layout_rooms,
          hellmonk_ecumenical_altar_watching_god,
          nicolae_concentric_dashed_squares_mild, dk_noncrumbling_3,
          minmay_pentomino_z2
D:2:      layout_basic, kennysheep_generic_room_7
D:3:      layout_rooms, uniq_sigmund
D:4:      layout_rooms, old_standard_altar, minmay_temple_entry_hall,
          nicolae_wooded_promenade, hangedman_decor_push,
          minmay_misc_feat_ornament
Temple:   compressed_dpeg_triangle_lava_temple

Skill      XL: |  1  2  3  4  5 |
---------------+----------------+-----
Fighting       | 1 2 |  2.0
Conjurations   | 2 |  2.3
Dodging        | |  2.0
Stealth        | |  2.0
Spellcasting   | |  2.8
Air Magic      | |  3.8

Action                     |  1- 3 |  4- 6 || total
---------------------------+-------+-------++-------
  Melee: Dagger            |    28 |     5 ||    33
         Unarmed           |     2 |       ||     2
         Short sword       |       |    25 ||    25
         Punch             |       |     1 ||     1
   Cast: Shock             |    56 |    35 ||    91
    Use: Potion            |       |     1 ||     1
 Armour: Robe              |    12 |     6 ||    18
  Dodge: Dodged            |    29 |    26 ||    55
